 Dungeon Crawl Stone Soup version 0.29-a0-541-gaf1fc19f1b (webtiles) character file.

Game seed: 10932068251476684067

33 xian the Conjurer (level 3, 0/26 HPs)
             Began as a Draconian Conjurer on June 2, 2022.
             Frozen to death by an endoplasm (3 damage)
             ... on level 2 of the Dungeon.
             The game lasted 00:02:19 (1127 turns).

xian the Conjurer (Draconian Conjurer)              Turns: 1127, Time: 00:02:20

Health: 0/26       AC:  5    Str:  9    XL:     3   Next: 12%
Magic:  0/6        EV: 12    Int: 20    God:
Gold:   35         SH:  0    Dex:  9    Spells: 5/6 levels left

rFire   . . .      SeeInvis .   h - +0 dagger
rCold   . . .      Faith    .   (no shield)
rNeg    . . .      Spirit   .   (body armour unavailable)
rPois   .          Reflect  .   (helmet restricted)
rElec   .          Harm     .   (no cloak)
rCorr   .          Rampage  .   (no gloves)
Will    .....                   (no boots)
Stlth   ++........              (no amulet)
HPRegen 0.08/turn               (no ring)
MPRegen 0.10/turn               (no ring)

@: slowed, very slow
A: AC +5, unfitting armour, cold-blooded
a: no special abilities


You were on level 2 of the Dungeon.
You visited 1 branch of the dungeon, and saw 2 of its levels.

You collected 35 gold pieces.

Inventory:

Hand Weapons
 h - a +0 dagger (weapon)
Missiles
 e - 2 throwing nets
Scrolls
 b - a scroll of blinking {unknown}
 c - a scroll of fog {unknown}
 f - a scroll of identify {unknown}
 g - a scroll of teleportation {unknown}
 i - a scroll of immolation {unknown}
 j - a scroll of vulnerability {unknown}
Potions
 a - a potion of magic
 d - a potion of attraction {unknown}


   Skills:
 + Level 0.2 Short Blades
 + Level 1.9 Dodging
 + Level 2.0 Stealth
 + Level 2.3 Spellcasting
 + Level 4.5 Conjurations


You had 5 spell levels left.
You knew the following spells:

 Your Spells              Type           Power      Damage    Failure   Level
a - Magic Dart            Conj           80%        1d7       2%          1

Your spell library contained the following spells:

 Spells                   Type           Power      Damage    Failure   Level
 Searing Ray              Conj           40%        2d5       3%          2
 Dazzling Flash           Conj/Hex       22%        N/A       19%         3
 Fulminant Prism          Conj/Hex       5%         3d7       52%         4
 Iskenderun's Mystic Bla  Conj/Tloc      11%        2d4       52%         4


Dungeon Overview and Level Annotations

Branches:
Dungeon (2/15)

Altars:


Innate Abilities, Weirdness & Mutations

Your plain brown scales are hard. (AC +5)
You cannot fit into any form of body armour.
You are cold-blooded and may be slowed by cold attacks.


Message History

You are frozen.
The bat attacks as you move away! The bat hits you but does no damage. x2
The bat barely misses you. The endoplasm attacks as you move away!
The endoplasm hits you. The bat hits you but does no damage.
The bat hits you but does no damage. The bat closely misses you.
The bat attacks as you move away! The bat closely misses you.
The endoplasm attacks as you move away! The endoplasm closely misses you.
The bat hits you but does no damage.
The magic dart hits the bat.
The bat is heavily wounded.
The bat barely misses you.
The magic dart hits the bat.
You kill the bat!
You hit the endoplasm but do no damage. The endoplasm freezes you.
You are frozen.
You feel yourself slow down.
You hit the endoplasm.
The endoplasm is moderately wounded.
You feel yourself speed up. The endoplasm freezes you.
You are frozen.
You feel yourself slow down. The endoplasm freezes you.
You are frozen.
You feel as though you will be slow longer.
Aiming: Magic Dart (safe; 2% risk of failure)
Press: ? - help, Q - select action, (/) - cycle Shift-Dir - straight line, f - endoplasm
Aim: an endoplasm (moderately wounded, 100% to hit)
The magic dart hits the endoplasm.
The endoplasm is heavily wounded.
The endoplasm freezes you.
You are frozen.
* * * LOW HITPOINT WARNING * * *
You hit the endoplasm.
The endoplasm is severely wounded.
The endoplasm closely misses you. The endoplasm freezes you.
You are frozen.
You die...

#! #.## ##### ###...
...####### # #.....
#.......#.#
#.#...####.......#.####
.......##.............
#..#.†#.##†........#
#....<†@J.........#
#.##.).##............#
#.####<........##.# #.
##.....#..# #.
##......... ..
####.#####. #. #.# # #.
...


You could see an endoplasm.

Vanquished Creatures
  2 dart slugs (D:1)
  A bat (D:2)
  2 endoplasms (D:1)
  A giant cockroach (D:1)
  3 goblins (D:1)
  6 hobgoblins
  3 kobolds
  A quokka (D:1)
  3 ball pythons (D:1)
  3 frilled lizards (D:1)
25 creatures vanquished.

Vanquished Creatures (others)
  2 plants (D:1)
2 creatures vanquished.

Grand Total: 27 creatures vanquished

Notes
Turn   | Place    | Note
-------+----------+-------------------------------------------
     0 | D:1      | xian the Draconian Conjurer began the quest for the Orb.
     0 | D:1      | Reached XP level 1. HP: 14/14 MP: 3/3
   140 | D:1      | Found a faded altar of an unknown god.
   256 | D:1      | Reached XP level 2. HP: 19/20 MP: 0/5
  1036 | D:1      | Reached XP level 3. HP: 26/26 MP: 4/6
  1127 | D:2      | Frozen to death by an endoplasm

Illustrated notes

Levels and vault maps discovered:
D:1:      wander_arrival_lonely_grave, layout_loops_ring,
          shapermc_ecumenical_altar_mp_ritualfount
D:2:      layout_loops_cross, fountainhead, kennysheep_pointless_box

Skill      XL: |  1  2 |
---------------+-------+-----
Stealth        | 2 |  2.0
Short Blades   | |  0.2
Dodging        | |  1.9
Spellcasting   | |  2.3
Conjurations   | |  4.5

Action                   || total
-------------------------++-------
Melee: Club              ||    19
       Tailslap          ||     8
       Unarmed           ||     4
       Dagger            ||    14
       Punch             ||     1
 Cast: Magic Dart        ||    49
Armor: Skin              ||    19
Dodge: Dodged            ||    38

Table legend: (Time is in decaauts)
 A = Elapsed time spent in this place.
 B = Non-inter-level travel time spent in this place.
 C = Inter-level travel time spent in this place.
 D = Time resting spent in this place.
 E = Time spent auto-exploring this place.
 F = Levels seen in this place.
 G = Mean time per level.
                   A        B        C        D        E       F      G
               +--------+--------+--------+--------+--------+-----+--------+
         Total |   1133 |   1109 |     24 |      0 |    866 |   2 |  566.5 |
       Dungeon |   1133 |   1109 |     24 |      0 |    866 |   2 |  566.5 |
               +--------+--------+--------+--------+--------+-----+--------+

Top non-repeatable levels by time:
     D:1: 1100 daAuts
     D:2: 32 daAuts
